 Dungeon Crawl Stone Soup version 0.30-a0-715-gdb4ae3ece1 (webtiles) character file.

Game seed: 6306554488754021500

76 PyroL the Changer (level 4, -2/28 HPs)
             Began as an Octopode Transmuter on Jan 23, 2023.
             Slain by a gnoll
             ... wielding a +0 whip
              (5 damage)
             ... on level 3 of the Dungeon.
             The game lasted 00:02:48 (1620 turns).

PyroL the Changer (Octopode Transmuter)             Turns: 1620, Time: 00:02:49

Health: -2/28      AC:  1    Str:  9    XL:     4   Next: 32%
Magic:  7/7        EV: 13    Int: 23    God:
Gold:   73         SH:  0    Dex: 12    Spells: 1/7 levels left

rFire   . . .      SeeInvis .    h - +1 falchion (protect)
rCold   . . .      Faith    .    (no shield)
rNeg    . . .      Spirit   .    (helmet restricted)
rPois   .          Reflect  .    (no amulet)
rElec   .          Harm     .    c - +6 ring of intelligence
rCorr   .          Rampage  .    (no ring)
Will    .....                    (no ring)
Stlth   ++                       (no ring)
HPRegen 0.24/turn                (no ring)
MPRegen 0.10/turn                (no ring)
                                 (no ring)
                                 (no ring)

@: no status effects
A: almost no armour, amphibious, 8 rings, camouflage 1, gelatinous body 1,
(nimble swimmer 1), tentacles
a: no special abilities


You were on level 3 of the Dungeon.
You visited 1 branch of the dungeon, and saw 3 of its levels.

You collected 73 gold pieces.

Inventory:

Hand Weapons
 h - a +1 falchion of protection (weapon)
Armour
 o - a +0 buckler
Jewellery
 c - a +6 ring of intelligence (left tentacle)
 i - a ring of fire
Scrolls
 b - a scroll of blinking
 d - a scroll of acquirement {unknown}
 g - a scroll of silence {unknown}
 k - a scroll of vulnerability {unknown}
 l - a scroll of fear {unknown}
 n - a scroll of enchant weapon {unknown}
 p - a scroll of fog {unknown}
 q - a scroll of immolation {unknown}
 r - a scroll of summoning {unknown}
Potions
 a - a potion of lignification
 e - 2 potions of mutation {unknown}
 f - a potion of cancellation {unknown}
 j - a potion of invisibility {unknown}
 m - a potion of heal wounds {unknown}


   Skills:
 - Level 1.0 Fighting
 - Level 2.0 Dodging
 - Level 3.0 Unarmed Combat
 - Level 2.0 Spellcasting
 + Level 3.5 Transmutations
 - Level 3.0 Poison Magic


You had one spell level left.
You knew the following spells:

 Your Spells              Type           Power      Damage    Failure   Level
a - Beastly Appendage     Tmut           36%        N/A       3%          1
b - Wereblood             Tmut           18%        N/A       4%          2
c - Spider Form           Tmut/Pois      17%        N/A       10%         3

Your spell library contained the following spells:

 Spells                   Type           Power      Damage    Failure   Level
 Stone Arrow              Conj/Erth      4%         3d7       36%         3
 Ice Form                 Ice/Tmut       10%        N/A       52%         4
 Lehudib's Crystal Spear  Conj/Erth      1%         10d2      100%        8
 Animate Armour           Summ/Erth      Unusable   N/A       N/A         4

Dungeon Overview and Level Annotations

Branches:
Dungeon (3/15)

Altars:


Innate Abilities, Weirdness & Mutations

You cannot wear most types of armour.
You are amphibious.
You can wear up to eight rings at the same time.
Your skin changes colour to match your surroundings (Stealth+).
Your rubbery body absorbs attacks. (AC +1, EV +1)
((You are camouflaged when in or above water. (Stealth+)))
You have tentacles for arms and can constrict up to eight enemies at once.


Message History

You feel sick.
You are no longer poisoned.
No target in view!
No target in view!
Search for what [? for help]? damn Can't find anything matching that.
HP restored.
q - a scroll labelled USOMAO LEIME
r - a scroll labelled YCHILI FEYNG You open the door.
There is an open door here.
A gnoll comes into view. It is wielding a +0 flail.
The gnoll shouts!
You hear a shout! x2
A gnoll comes into view.
It is wielding a +1 flail of holy wrath.
The gnoll moves out of view.
A gnoll is nearby!
One of your tentacles grows a vicious spike.
A gnoll comes into view. It is wielding a +0 whip.
A gnoll comes into view. It is wielding a +0 halberd.
A hobgoblin comes into view.
An adder comes into view.
The gnoll hits you with a +0 flail! The gnoll attacks as you move away!
The gnoll misses you.
The hobgoblin shouts!
The gnoll attacks as you move away! The gnoll closely misses you.
The gnoll attacks as you move away! The gnoll hits you with a +0 whip.
* * * LOW HITPOINT WARNING * * *
The gnoll attacks as you move away! The gnoll closely misses you.
Your transformation is almost over.
The gnoll attacks as you move away! The gnoll completely misses you.
There is an open door here.
The gnoll attacks as you move away! The gnoll hits you with a +0 whip.
* * * LOW HITPOINT WARNING * * *
The gnoll attacks as you move away! The gnoll barely misses you.
Your tentacle spike disappears.
The gnoll attacks as you move away! The gnoll completely misses you.
The gnoll attacks as you move away! The gnoll hits you with a +0 whip!
* * * LOW HITPOINT WARNING * * *
The gnoll attacks as you move away! The gnoll hits you with a +0 whip.
You die...

#.........#####
+........ggg..########
#.........#.##.......#
....#######..+.g.....#
........# ####g......#
........# #....g#######
........+ +...........#
........###....g#####.#
.............#..@†..#
#+#.########.#..###.#
#.#......#.#..#<..# #.#
#)...#.#..#.#.# .#
#....#.#..#...#.#.
+..................
#..>.#.#..#####....
####†#.#........#.#
#.#+#........# #


You could see 3 gnolls and a hobgoblin.

Vanquished Creatures
  2 adders
  A worm (D:2)
  7 endoplasms
  4 goblins
  2 hobgoblins (D:2)
  3 jackals (D:1)
  5 quokkas
  6 ball pythons
  6 bats
  5 frilled lizards
  4 kobolds
  7 rats
52 creatures vanquished.

Notes
Turn   | Place    | Note
-------+----------+-------------------------------------------
     0 | D:1      | PyroL the Octopode Transmuter began the quest for the Orb.
     0 | D:1      | Reached XP level 1. HP: 13/13 MP: 3/3
    90 | D:1      | Reached skill level 1 in Poison Magic
   149 | D:1      | Reached XP level 2. HP: 18/18 MP: 3/5
   330 | D:1      | Reached XP level 3. HP: 14/23 MP: 6/6
   795 | D:2      | Learned a level 2 spell: Wereblood
   799 | D:2      | Learned a level 3 spell: Spider Form
   930 | D:2      | Found a faded altar of an unknown god.
  1193 | D:2      | Reached XP level 4. HP: 28/28 MP: 7/7
  1620 | D:3      | Slain by a gnoll

Illustrated notes

Levels and vault maps discovered:
D:1:      eino_arrival_cavern_a, layout_rooms
D:2:      layout_rooms, hellmonk_ecumenical_altar_run_dry,
          minmay_strange_pillars, chequers_serial_rivers_large_a, minivault_4
D:3:      layout_basic

Skill      XL: |  1  2  3  4 |
---------------+-------------+-----
Poison Magic   | 1 2 3 |  3.0
Transmutations | 3 |  3.5
Fighting       | |  1.0
Dodging        | |  2.0
Unarmed Combat | |  3.0
Spellcasting   | |  2.0

Action                     |  1- 3 |  4- 6 || total
---------------------------+-------+-------++-------
  Melee: Unarmed           |    23 |       ||    23
         Constrict         |    23 |     4 ||    27
         Kick              |     9 |     1 ||    10
         Punch             |     3 |       ||     3
         Tentacles         |    11 |     1 ||    12
         Falchion          |    65 |    11 ||    76
   Cast: Beastly Appendage |    18 |     2 ||    20
    Use: Scroll            |     1 |       ||     1
   Stab: Sleeping          |     5 |       ||     5
 Armour: Skin              |    21 |     4 ||    25
  Dodge: Dodged            |    61 |    12 ||    73

Table legend: (Time is in decaauts)
 A = Elapsed time spent in this place.
 B = Non-inter-level travel time spent in this place.
 C = Inter-level travel time spent in this place.
 D = Time resting spent in this place.
 E = Time spent auto-exploring this place.
 F = Levels seen in this place.
 G = Mean time per level.
                   A        B        C        D        E       F      G
               +--------+--------+--------+--------+--------+-----+--------+
         Total |   1640 |   1554 |     86 |    195 |    918 |   3 |  546.7 |
       Dungeon |   1640 |   1554 |     86 |    195 |    918 |   3 |  546.7 |
               +--------+--------+--------+--------+--------+-----+--------+

Top non-repeatable levels by time:
     D:2: 857 daAuts
     D:1: 648 daAuts
     D:3: 134 daAuts
